AoeStats
← DaTuRa

Fortress

509602770Analyzed
4v4 RM · 6d ago on Sep 27, 2026· 36m 54s· 8 players
Game mode
Random Map
Map size
Huge
Population
200
Speed
Normal
Resources
Standard
Victory
Conquest
Starting age
Dark Age
Ending age
Imperial Age
RankedLock teamsTeams togetherTeam positionsShared explorationLock speedFull tech treeHidden civsTurbo modeCheats
Victory
Defeat
🇨🇳 Danes · China
1505
+16
🇨🇳 Lithuanians · China
1480
+17
🇹🇼 Turks · Taiwan
1463
+18
🇨🇳 Varangians · China
1384
+22
🇹🇷 Burgundians · Türkiye
1549
-20
🇨🇭 Danes · Switzerland
1519
-19
🇫🇷 Khmer · France
1487
-17
🇹🇷 Bulgarians · Türkiye
1472
-17
hypn0s
7:24 Feudal Age
8:01 Loom
10:45 Castle Age
8:41 Horse Collar
9:08 Double-Bit Axe
12:07 Bow Saw
14:51 Heavy Plow
15:39 Wheelbarrow
15:25 Gold Mining
16:41 Hand Cart
24:24 Imperial Age
22:42 Tusk Swords
22:55 Forging
22:51 Scale Barding Armor
23:42 Bloodlines
24:14 Husbandry
24:51 Iron Casting
26:22 Blast Furnace
25:46 Conscription
27:07 Chain Barding Armor
27:08 Elite Battle Elephant
31:04 Plate Barding Armor
[PSCH] Reh
8:16 Feudal Age
9:46 Double-Bit Axe
12:10 Castle Age
10:11 Horse Collar
10:32 Gold Mining
13:51 Bow Saw
16:09 Heavy Plow
17:09 Fletching
18:54 Wheelbarrow
18:05 Loom
19:11 Squires
21:32 Gold Shaft Mining
23:54 Ballistics
28:15 Imperial Age
25:33 Town Watch
26:02 Padded Archer Armor
27:03 Bodkin Arrow
27:19 Thumb Ring
29:02 Leather Archer Armor
29:26 Bracer
31:33 Scale Mail Armor
31:43 Forging
33:44 Stone Mining
34:25 Caravan
34:29 Capped Ram
35:51 Elite Varangian Guard
36:47 Chain Mail Armor
37:38 Plate Mail Armor
37:18 Forging
ATABEY
7:20 Feudal Age
6:22 Double-Bit Axe
11:35 Castle Age
9:39 Horse Collar
10:36 Bow Saw
10:47 Heavy Plow
16:33 Crop Rotation
20:32 Wheelbarrow
23:17 Two-Man Saw
22:51 Hand Cart
28:28 Imperial Age
26:02 Gold Mining
27:07 Scale Mail Armor
27:17 Forging
28:22 Gold Shaft Mining
28:22 Padded Archer Armor
28:55 Coinage
28:28 Caravan
29:17 Leather Archer Armor
30:16 Chemistry
29:38 Ballistics
29:36 Chain Mail Armor
29:56 Iron Casting
29:25 Squires
29:11 Arson
30:45 Conscription
31:14 Plate Mail Armor
32:22 Blast Furnace
33:31 Pikeman
34:44 Halberdier
36:27 Loom
DaTuRa
6:01 Feudal Age
7:57 Loom
11:05 Castle Age
9:22 Double-Bit Axe
10:02 Horse Collar
27:13 Bow Saw
29:10 Gold Mining
35:21 Imperial Age
33:31 Caravan
34:11 Squires
33:32 Pikeman
33:58 Gambesons
34:15 Scale Mail Armor
34:26 Forging
35:14 Chain Mail Armor
35:37 Wheelbarrow
34:58 Town Watch
36:54 Plate Mail Armor
36:59 Iron Casting
36:49 Conscription
今夜月色真好
4:08 Loom
6:17 Feudal Age
6:48 Horse Collar
6:54 Double-Bit Axe
12:31 Castle Age
12:34 Scale Mail Armor
12:45 Forging
12:23 Arson
20:16 Chain Mail Armor
20:55 Arson
21:11 Squires
26:13 Bow Saw
26:04 Heavy Plow
27:04 Wheelbarrow
32:03 Imperial Age
29:40 Gold Mining
30:21 Hamask
31:04 Stone Mining
31:51 Gold Shaft Mining
33:10 Iron Casting
33:20 Fletching
33:58 Ballistics
34:39 Chemistry
34:31 Hand Cart
34:17 Capped Ram
36:19 Stone Shaft Mining
36:17 Plate Mail Armor
36:22 Iron Casting
35:16 Siege Ram
快乐不易
7:44 Feudal Age
11:38 Castle Age
9:25 Double-Bit Axe
9:42 Horse Collar
12:41 Bow Saw
14:24 Heavy Plow
15:54 Stone Mining
18:03 Wheelbarrow
17:13 Loom
19:06 Gold Mining
21:06 Hand Cart
20:36 Town Watch
25:44 Imperial Age
23:30 Husbandry
24:10 Scale Barding Armor
24:17 Bloodlines
24:50 Forging
25:11 Chain Barding Armor
26:49 Iron Casting
25:47 Cavalier
27:05 Plate Barding Armor
27:44 Conscription
28:42 Two-Man Saw
28:14 Crop Rotation
27:45 Paladin
开心不易
8:24 Feudal Age
9:13 Feudal Age
12:50 Castle Age
10:46 Double-Bit Axe
10:49 Horse Collar
15:58 Wheelbarrow
15:56 Heavy Plow
18:52 Bow Saw
18:38 Loom
21:12 Stone Mining
22:57 Town Watch
24:28 Hand Cart
28:26 Imperial Age
26:30 Scale Barding Armor
26:26 Scale Mail Armor
26:36 Forging
26:17 Fletching
26:40 Gold Mining
28:34 Chain Mail Armor
28:30 Forging
28:40 Chain Barding Armor
29:53 Conscription
28:54 Elite Jarl
30:29 Plate Mail Armor
32:59 Chemistry
32:19 Ballistics
31:40 Treadmill Crane
32:16 Fortified Wall
32:02 Murder Holes
35:01 Gothikon
35:04 Vendel Legacy
yclin124
7:40 Feudal Age
9:28 Double-Bit Axe
11:55 Castle Age
10:20 Stone Mining
10:12 Horse Collar
10:56 Gold Mining
12:48 Bow Saw
15:00 Loom
21:37 Imperial Age
21:13 Padded Archer Armor
22:22 Wheelbarrow
31:48 Heavy Plow
34:11 Conscription
34:52 Bloodlines
34:43 Husbandry
35:29 Forging
35:24 Scale Barding Armor
36:29 Hand Cart
36:00 Town Watch
36:54 Iron Casting
35:57 Heavy Camel Rider
Connection lost

Rejoining the realm…

Still unreachable

The connection could not be restored.

Session expired

The server has moved on; the page needs a fresh start.